 Dungeon Crawl Stone Soup version 0.23.2-1-ga50397a6bc (webtiles) character file.

Game seed: 16565242590569074576

19296 Kobolds4U the Cleaver (level 12, -1/107 HPs)
             Began as a Minotaur Fighter on Apr 24, 2019.
             Was a High Priest of Ru.
             Slain by a red ugly thing (22 damage)
             ... on level 13 of the Dungeon.
             The game lasted 00:27:30 (12463 turns).

Kobolds4U the Cleaver (Minotaur Fighter)           Turns: 12463, Time: 00:27:31

Health: -1/107     AC: 23    Str: 21    XL:     12   Next: 35%
Magic:  6/11       EV:  9    Int:  6    God:    Ru [*****.]
Gold:   565        SH:  0    Dex: 14    Spells: 11/11 levels left

rFire    . . .     SeeInvis .   c - +1 battleaxe (elec)
rCold    . . .     Gourm    .   (shield currently unavailable)
rNeg     . . .     Faith    .   U - +0 plate armour
rPois    +         Spirit   .   v - +2 hat of Supple Strength {rPois rCorr}
rElec    .         Reflect  .   M - +0 cloak
rCorr    +         Harm     .   X - +0 pair of gloves (curse)
MR       +....                  B - +0 pair of boots
Stlth    ..........             (no amulet)
HPRegen  0.27/turn              y - +3 ring of protection
MPRegen  0.12/turn              b - ring of protection from magic

@: exhausted
A: retaliatory headbutt, horns 2, inability to use devices, no charms magic, no
hexes magic, no poison magic, unskilled 1
a: Draw Out Power, Power Leap, Apocalypse, Renounce Religion


You were on level 13 of the Dungeon.
You worshipped Ru.
Ru was extremely pleased with you.
You were not hungry.

You visited 2 branches of the dungeon, and saw 15 of its levels.

You collected 565 gold pieces.

Inventory:

Hand Weapons
 a - a +0 war axe
 c - a +1 battleaxe of electrocution (weapon)
 g - the +5 mace "Uzetoim" {crush, +Blink rElec Str-4}
   (You found it on level 4 of the Dungeon)

   It inflicts extra damage upon your enemies.
   It affects your strength (-4).
   It insulates you from electricity.
   It lets you blink.
 r - a +4 whip
 S - a +0 battleaxe
Missiles
 n - 26 tomahawks (quivered)
 q - 2 silver tomahawks
 Y - 7 poisoned tomahawks
Armour
 v - the +2 hat of Supple Strength (worn) {rPois rCorr}
   (You found it on level 4 of the Dungeon)

   It protects you from poison.
   It provides partial protection from all sources of acid and corrosion.
 B - a +0 pair of boots (worn)
 K - a +0 pair of gloves
 M - a +0 cloak (worn)
 U - a +0 plate armour (worn)
 X - a cursed +0 pair of gloves (worn)
 Z - the +1 leather armour "Qurohad" {rN++ Int+4}
   (You found it on level 11 of the Dungeon)

   It affects your intelligence (+4).
   It greatly protects you from negative energy.
Jewellery
 b - a ring of protection from magic (right hand)
 y - a +3 ring of protection (left hand)
 E - an uncursed amulet of guardian spirit {unknown}
 H - an uncursed ring of ice
Scrolls
 e - 6 scrolls of fear {unknown}
 h - 9 scrolls of identify
 i - 4 scrolls of amnesia {unknown}
 k - 8 scrolls of fog {unknown}
 m - a scroll of noise
 t - 4 scrolls of teleportation {unknown}
 w - 3 scrolls of magic mapping {unknown}
 A - 2 scrolls of blinking {unknown}
 C - 2 scrolls of enchant weapon {unknown}
 D - a scroll of silence
 I - 4 scrolls of remove curse {unknown}
 L - 2 scrolls of random uselessness {unknown}
 W - 2 scrolls of enchant armour {unknown}
Potions
 d - 3 potions of might
 j - 3 potions of brilliance
 l - a potion of haste
 o - 2 potions of agility
 p - 2 potions of degeneration {unknown}
 u - 2 potions of heal wounds
 x - 3 potions of lignification {unknown}
 z - 4 potions of curing {unknown}
 F - a potion of cancellation {unknown}
 O - a potion of flight {unknown}
 R - a potion of ambrosia {unknown}
 V - a potion of magic {unknown}
Comestibles
 f - 33 rations
 s - 4 chunks of flesh


   Skills:
 - Level 10.5 Fighting
 + Level 14.1 Axes
 - Level 10.0 Armour
 - Level 4.7 Dodging
   Level 3.2 Shields
   Level 0.0 Evocations


You had 11 spell levels left.
You didn't know any spells.
Your spell library contained the following spells:

 Spells                   Type           Power        Failure   Level  Hunger
 Shock                    Conj/Air       #...         100%        1    ##.....
 Static Discharge         Conj/Air       #.......     100%        3    ####...
 Airstrike                Air            #.........   100%        4    #####..
 Lightning Bolt           Conj/Air       #.........   100%        5    ######.
 Swiftness                Chrm/Air       Unusable     N/A         2    N/A

Dungeon Overview and Level Annotations

Branches:
Dungeon (14/15)            Temple (1/1) D:5            Lair (0/6) D:9
    Orc (0/2) D:11
 Vaults: D:13-14

Altars:
Ashenzari
Cheibriados
Dithmenos
Elyvilon
Fedhas
Gozag
Hepliaklqana
Kikubaaqudgha
Makhleb
Nemelex Xobeh
Okawaru
Qazlal
Ru
Sif Muna
Trog
Uskayaw
Vehumet
Wu Jian
Xom
Yredelemnul
Zin
The Shining One

Shops:
D:4 =:   D:9 *

Annotations:
D:8 3 runed translucent doors
D:10 3 runed translucent doors, Ykky's ghost, journeyman VSGl


Innate Abilities, Weirdness & Mutations

You reflexively headbutt those who attack you in melee.
You have a pair of horns on your head.
You cannot study or use magical devices.
You cannot study or cast Charms magic.
You cannot study or cast Hexes magic.
You cannot study or cast Poison magic.
You are somewhat unskilled. (-1 Apt)


Message History

The red ugly thing is stunned by your will and fails to attack.
You hit the red ugly thing.
Your headbutt misses the red ugly thing.
The red ugly thing is moderately wounded.
You closely miss the bullfrog. You slash the gargoyle!
The bullfrog closely misses you.
You redirect the gargoyle's attack!
The gargoyle barely misses itself.
The red ugly thing punches you!
* * * LOW HITPOINT WARNING * * *
You are engulfed in flames!!
* * * LOW HITPOINT WARNING * * *
The bullfrog hits you but does no damage.
You feel much better. The bullfrog hits you.
* * * LOW HITPOINT WARNING * * *
You redirect the gargoyle's attack!
The gargoyle hits itself with a +0 mace.
The red ugly thing punches you.
* * * LOW HITPOINT WARNING * * *
You are engulfed in flames!!
You die...

# # #> .#
#.########.#
#..........#
#..).......####
#..............
#..............
#.....9)......$
#.....u@F......
#.....)))......
#..............
#..............
#).............
#.########.....
#. ..... #
.....


You could see a red ugly thing, a gargoyle and a bullfrog.

Vanquished Creatures
  A hydra (D:11)
  5 two-headed ogres
  2 centaur warriors (D:11)
  An unseen horror (D:11)
  An orc knight (D:11)
  An ugly thing (D:7)
  A cyclops (D:11)
  Maurice (D:10)
  Joseph (D:9)
  A gargoyle (D:14)
  A queen bee (D:11)
  A troll (D:11)
  2 hippogriffs
  Sigmund (D:4)
  A shadow (D:11)
  A spriggan (D:8)
  A wyvern (D:12)
  9 yaks
  2 hungry ghosts
  3 wargs (D:11)
  2 water moccasins
  2 porcupines (D:9)
  Duvessa (D:4)
  A sky beast (D:7)
  2 ice beasts
  21 orc warriors
  4 phantoms
  A necrophage (D:10)
  2 centaurs
  2 ogres
  3 big kobolds
  4 bullfrogs
  A wyvern zombie (D:8)
  Dowan (D:4)
  A wyvern skeleton (D:6)
  4 scorpions
  32 killer bees
  5 wights (D:11)
  4 centaur zombies
  3 crimson imps
  2 hounds
  2 jellies
  5 orc priests
  Crazy Yiuf (D:6)
  7 orc wizards
  5 centaur skeletons
  Jessica (D:2)
  3 iguanas
  Natasha (thrice) (D:3)
  10 worker ants
  A hound zombie (D:11)
  A hound skeleton (D:4)
  A worker ant zombie (D:5)
  12 adders
  2 shadow imps
  2 oozes
  3 adder skeletons
  6 worms
  5 leopard geckos
  45 orcs
  4 ball pythons
  13 bats
  3 giant cockroaches (D:1)
  11 hobgoblins
  14 jackals
  2 quokkas
  12 frilled lizards
  7 goblins
  24 kobolds
  A leopard gecko zombie (D:6)
  A quokka zombie (D:6)
  11 rats
353 creatures vanquished.

Vanquished Creatures (others)
  An unseen horror (D:11)
  A troll (D:9)
  A killer bee (D:11)
3 creatures vanquished.

Grand Total: 356 creatures vanquished

Notes
Turn   | Place    | Note
-------+----------+-------------------------------------------
     0 | D:1      | Kobolds4U the Minotaur Fighter began the quest for the Orb.
     0 | D:1      | Reached XP level 1. HP: 19/19 MP: 0/0
   137 | D:1      | Reached XP level 2. HP: 27/27 MP: 1/1
   444 | D:1      | Reached skill level 3 in Axes
   522 | D:1      | Reached XP level 3. HP: 28/34 MP: 2/2
   662 | D:2      | Reached skill level 5 in Fighting
  1202 | D:2      | Noticed Jessica
  1205 | D:2      | Killed Jessica
  1205 | D:2      | Reached skill level 4 in Axes
  1205 | D:2      | Reached XP level 4. HP: 42/42 MP: 3/3
  1586 | D:2      | Reached skill level 5 in Axes
  1799 | D:3      | Reached XP level 5. HP: 38/48 MP: 4/4
  2104 | D:3      | Noticed Natasha
  2113 | D:3      | Killed Natasha
  2113 | D:3      | Reached skill level 6 in Axes
  2121 | D:3      | Noticed Natasha
  2128 | D:3      | Killed Natasha
  2505 | D:3      | Found a blossoming altar of Fedhas.
  2558 | D:3      | Noticed Natasha
  2570 | D:3      | Killed Natasha
  2570 | D:3      | Reached skill level 1 in Dodging
  2646 | D:4      | Got a jewelled hat
  2652 | D:4      | Identified the +2 hat of Supple Strength {rPois rCorr} (You
                  | found it on level 4 of the Dungeon)
  2674 | D:4      | Reached XP level 6. HP: 55/56 MP: 5/5
  2715 | D:4      | Noticed Sigmund
  2736 | D:4      | Killed Sigmund
  2981 | D:4      | Reached XP level 7. HP: 60/62 MP: 6/6
  2991 | D:4      | Noticed Dowan
  2993 | D:4      | Noticed Duvessa
  3046 | D:4      | Killed Duvessa
  3181 | D:4      | Found Monysecw's Jewellery Boutique.
  3247 | D:4      | Killed Dowan
  3247 | D:4      | Reached skill level 7 in Axes
  3287 | D:4      | Got a jewelled mace
  3288 | D:4      | Identified the +5 mace "Uzetoim" {crush, +Blink rElec
                  | Str-4} (You found it on level 4 of the Dungeon)
  3325 | D:4      | Found Saughut's Book Shoppe.
  3350 | D:4      | Found a basalt altar of Yredelemnul.
  3356 | D:4      | Found an ancient bone altar of Kikubaaqudgha.
  3361 | D:4      | Found a shattered altar of Ashenzari.
  3426 | D:4      | Found a white marble altar of Elyvilon.
  3426 | D:4      | Found a shimmering altar of Xom.
  3567 | D:5      | Entered Level 5 of the Dungeon
  3687 | D:5      | Found a staircase to the Ecumenical Temple.
  3704 | Temple   | Entered the Ecumenical Temple
  3798 | Temple   | Became a worshipper of Ru the Awakened
  3926 | D:5      | Reached skill level 5 in Dodging
  3970 | D:5      | You fall through a shaft for 2 floors!
  4018 | D:7      | Noticed a green ugly thing
  4043 | D:7      | Killed a green ugly thing
  4043 | D:7      | Reached skill level 8 in Axes
  4043 | D:7      | Reached XP level 8. HP: 13/74 MP: 7/7
  4066 | D:7      | Reached skill level 9 in Axes
  4628 | D:6      | Reached XP level 9. HP: 76/83 MP: 8/8
  4770 | D:5      | Found a radiant altar of Vehumet.
  5027 | D:6      | Reached skill level 10 in Axes
  5124 | D:6      | Found a runed translucent door.
  5125 | D:6      | Noticed Crazy Yiuf
  5131 | D:6      | Killed Crazy Yiuf
  5312 | D:6      | Gained mutation: You are somewhat unskilled. (-1 Apt) [Ru
                  | sacrifice]
  5312 | D:6      | Reduced skill Axes to level 9
  5312 | D:6      | Reached * piety under Ru
  5391 | D:6      | Found a sparkling altar of Nemelex Xobeh.
  5772 | D:7      | Found a bloodstained altar of Trog.
  5860 | D:7      | Reached skill level 10 in Axes
  6135 | D:7      | Found an ornate altar of the Wu Jian Council.
  6135 | D:7      | Found a burning altar of Makhleb.
  6483 | D:8      | Noticed a two-headed ogre
  6485 | D:8      | Noticed a two-headed ogre
  6713 | D:8      | Killed a two-headed ogre
  6713 | D:8      | Reached skill level 10 in Fighting
  7017 | D:8      | Killed a two-headed ogre
  7017 | D:8      | Reached skill level 11 in Axes
  7017 | D:8      | Reached XP level 10. HP: 19/94 MP: 9/9
  7026 | D:8      | Reached skill level 5 in Armour
  7408 | D:8      | Found a runed translucent gate.
  7408 | D:8      | Found a runed translucent gate.
  7409 | D:8      | Found a runed translucent gate.
  7410 | D:8      | Noticed a green ugly thing
  7411 | D:8      | Noticed a purple ugly thing
  7411 | D:8      | Noticed a white ugly thing
  7414 | D:8      | Noticed a red ugly thing
  7787 | D:9      | Noticed Joseph
  7818 | D:9      | Killed Joseph
  7818 | D:9      | Reached skill level 1 in Evocations
  8287 | D:9      | Found Ecoann's Assorted Antiques.
  8375 | D:9      | Gained mutation: You cannot study or cast Poison magic. [Ru
                  | sacrifice]
  8375 | D:9      | Gained mutation: You cannot study or cast Hexes magic. [Ru
                  | sacrifice]
  8375 | D:9      | Gained mutation: You cannot study or cast Charms magic. [Ru
                  | sacrifice]
  8375 | D:9      | Reached ** piety under Ru
  8636 | D:9      | Found a staircase to the Lair.
  8752 | D:10     | Entered Level 10 of the Dungeon
  8797 | D:9      | HP: 4/94 [yak (2)]
  9173 | D:10     | Found a runed translucent gate.
  9173 | D:10     | Found a runed translucent gate.
  9175 | D:10     | Found a runed translucent gate.
  9176 | D:10     | Noticed Ykky's ghost (journeyman VSGl)
  9177 | D:10     | Noticed a deep elf archer
  9363 | D:10     | Noticed Maurice
  9380 | D:10     | Reached XP level 11. HP: 101/101 MP: 12/12
  9505 | D:10     | Killed Maurice
  9505 | D:10     | Reached skill level 12 in Axes
 10072 | D:11     | Noticed a two-headed ogre
 10077 | D:11     | Killed a two-headed ogre
 10077 | D:11     | Reached skill level 5 in Evocations
 10151 | D:11     | Noticed a four-headed hydra
 10164 | D:11     | Killed a four-headed hydra
 10256 | D:11     | Killed an unseen horror
 10425 | D:11     | Noticed a two-headed ogre
 10439 | D:11     | Killed a two-headed ogre
 10445 | D:11     | HP: 3/101 [hippogriff (4)]
 10911 | D:11     | Found a staircase to the Orcish Mines.
 11417 | D:11     | Noticed a red ugly thing
 11551 | D:11     | Found an iron altar of Okawaru.
 11551 | D:11     | Noticed an orc knight
 11607 | D:11     | Gained mutation: You cannot study or use magical devices.
                  | [Ru sacrifice]
 11607 | D:11     | Reached *** piety under Ru
 11607 | D:11     | Reached **** piety under Ru
 11607 | D:11     | Reached ***** piety under Ru
 11753 | D:11     | Noticed a centaur warrior
 11753 | D:11     | Noticed a centaur warrior
 11755 | D:11     | Reached XP level 12. HP: 97/107 MP: 11/11
 11755 | D:11     | Reached skill level 13 in Axes
 11755 | D:11     | Killed a centaur warrior
 11755 | D:11     | Killed a centaur warrior
 11755 | D:11     | Reached skill level 10 in Armour
 11755 | D:11     | Identified the +2 scale mail "Lusesodu" {rF+ rN+ MR- Str+7}
 12162 | D:11     | Got a dazzling leather armour
 12173 | D:11     | Identified the +1 leather armour "Qurohad" {rN++ Int+4}
                  | (You found it on level 11 of the Dungeon)
 12187 | D:11     | You fall through a shaft!
 12189 | D:12     | Noticed a two-headed ogre
 12197 | D:12     | Killed a two-headed ogre
 12197 | D:12     | Reached skill level 14 in Axes
 12402 | D:12     | You fall through a shaft for 2 floors!
 12453 | D:14     | Noticed a vault guard
 12463 | D:13     | Slain by a red ugly thing

Skill      XL: |  1  2  3  4  5  6  7  8  9 10 11 12 |
---------------+-------------------------------------+-----
Fighting       | 4 5 7 9 10 | 10.5
Axes           | 3 4 5 6 8 9 11 12 14 | 14.1
Dodging        | 1 3 5 4 |  4.7
Armour         | 4 7 9 10 | 10.0
Evocations     | 3 0 |  0.0
Shields        | |  3.2

Action                   |  1- 3 |  4- 6 |  7- 9 | 10-12 || total
-------------------------+-------+-------+-------+-------++-------
Melee: War axe           |   142 |    90 |       |       ||   232
       Headbutt          |    18 |    23 |    47 |   117 ||   205
       Whip              |       |    83 |    20 |       ||   103
       Mace              |       |       |   299 |   566 ||   865
       Battleaxe         |       |       |       |    57 ||    57
Invok: Sacrifice Skill   |       |       |     1 |       ||     1
       Sacrifice Arcana  |       |       |       |     1 ||     1
       Sacrifice Artific |       |       |       |     1 ||     1
       Power Leap        |       |       |       |     1 ||     1
       Apocalypse        |       |       |       |     1 ||     1
  Use: Scroll            |       |       |       |     6 ||     6
       Potion            |       |       |       |     1 ||     1
 Stab: Distracted        |       |       |       |     5 ||     5
  Eat: Chunk             |     1 |     6 |     9 |    14 ||    30
       Ration            |       |       |     1 |     2 ||     3
Armor: Scale mail        |   104 |    69 |    79 |       ||   252
       Chain mail        |       |       |   145 |    78 ||   223
       Plate armour      |       |       |       |   375 ||   375
Dodge: Dodged            |    59 |    41 |   131 |   133 ||   364
Block: Shield            |    85 |    63 |   204 |   259 ||   611
